 Dungeon Crawl Stone Soup version 0.28-a0-984-g3775c662fe (webtiles) character file.

Game seed: 10015210314134199494

0 meatgazer the Skirmisher (level 1, -3/18 HPs)
             Began as a Demonspawn Abyssal Knight on Dec 3, 2021.
             Was a Follower of Lugonu.
             Killed from afar by a green draconian monk (21 damage)
             ... with a blast of poison
             ... on level 3 of the Abyss.
             The game lasted 00:00:44 (114 turns).

meatgazer the Skirmisher (Demonspawn Abyssal Knight) Turns: 114, Time: 00:00:44

Health: -3/18      AC:  4    Str: 13    XL:     1   Next: 0%
Magic:  2/2        EV: 11    Int: 11    God:    Lugonu [*.....]
Gold:   112        SH:  0    Dex: 13    Spells: 0/0 levels left

rFire   . . .      SeeInvis .   a - +1 falchion
rCold   . . .      Faith    .   (no shield)
rNeg    . . .      Spirit   .   b - +1 leather armour
rPois   .          Reflect  .   (no helmet)
rElec   .          Harm     .   (no cloak)
rCorr   .          Rampage  .   (no gloves)
Will    .....                   (no boots)
Stlth   +.........              (no amulet)
HPRegen 0.06/turn               (no ring)
MPRegen 0.08/turn               (no ring)

@: lethally poisoned (-3 -> -14)
A: no striking features
a: Renounce Religion, Depart the Abyss


You were on level 3 of the Abyss.
You worshipped Lugonu.
Lugonu was aware of your devotion.
You visited 0 branches of the dungeon, and saw 0 of its levels.
You visited the Abyss 1 time.

You collected 112 gold pieces.

Inventory:

Hand Weapons
 a - a +1 falchion (weapon)
Armour
 b - a +1 leather armour (worn)


   Skills:
 + Level 3.0 Fighting
 + Level 1.7 Long Blades
 + Level 1.7 Armour
 + Level 0.8 Dodging
 + Level 2.4 Invocations


You couldn't memorise any spells.
You didn't know any spells.
Your spell library was empty.

Dungeon Overview and Level Annotations

Branches:
Dungeon (0/15)

Altars:


Message History

c - a scroll labelled QUSOCIYMIUPH A spriggan defender simulacrum comes into view.
There is a gateway leading deeper into the Abyss here.
The anaconda skeleton grabs you.
You stop descending the stairs.
The anaconda skeleton bites you. The anaconda skeleton constricts you.
Unknown command.
You escape the anaconda skeleton's grasp.
The anaconda skeleton grabs you.
You stop descending the stairs.
The anaconda skeleton bites you. The anaconda skeleton constricts you.
You aren't carrying any potions.
You aren't carrying any potions.
You escape the anaconda skeleton's grasp.
The anaconda skeleton barely misses you.
The anaconda skeleton bites you.
You plunge deeper into the Abyss.
The abyssal rune of Zot can be found at this depth.
As you read the scroll labelled QUSOCIYMIUPH, it crumbles to dust.
It is a scroll of enchant armour.
Your +0 leather armour glows green for a moment.
Found a throwing net.
The will-o-the-wisp gives a chilling moan.
Found 22 bolts.
The will-o-the-wisp gestures.
The will-o-the-wisp conjures some foxfire!
You see here 22 bolts.
Found a brown potion.
Found 23 gold pieces.
c - a brown potion You now have 57 gold pieces (gained 23).
Found 55 gold pieces.
You aren't carrying any scrolls.
Found 28 stones.
You now have 112 gold pieces (gained 55).
A green draconian monk comes into view.
It is wearing a +2 cloak of poison resistance.
It was a potion of heal wounds.
You feel much better.
The green draconian monk breathes poison at you.
The blast of poison engulfs you!!
You are poisoned.
Ouch! That really hurt!
You die...

♣#.##.#.......#
.
♣..##.#...#...
# .##...#.#...
# ## #
.#...#.q#...
#.###..##§.# ..
#. #.#..#○#.#.#
# #...#☼###...
# ###.☼....#
####..@##..#(#
##.#..#.#...
#.#..#.## #.
#....##..#
#.....####
....# ..##. ##
..


You could see a green draconian monk (catching breath).

Vanquished Creatures (others)
  2 foxfires (Abyss:3)
2 creatures vanquished.

Notes
Turn   | Place    | Note
-------+----------+-------------------------------------------
     0 | Abyss:1  | meatgazer the Demonspawn Abyssal Knight began the quest for
                  | the Orb.
     0 | Abyss:1  | Reached XP level 1. HP: 18/18 MP: 2/2
    31 | Abyss:2  | Noticed an anaconda skeleton
    32 | Abyss:2  | Noticed a spriggan defender simulacrum
    51 | Abyss:3  | Noticed a will-o-the-wisp
   112 | Abyss:3  | Noticed a green draconian monk
   114 | Abyss:3  | Killed from afar by a green draconian monk

Illustrated notes

Levels and vault maps discovered:
Abyss:3:  base: Temple, evilmike_abyss_rune_ettins

Action                   || total
-------------------------++-------
  Use: Scroll            ||     1
       Potion            ||     1
Dodge: Dodged            ||     1

Table legend: (Time is in decaauts)
 A = Elapsed time spent in this place.
 B = Non-inter-level travel time spent in this place.
 C = Inter-level travel time spent in this place.
 D = Time resting spent in this place.
 E = Time spent auto-exploring this place.
 F = Levels seen in this place.
 G = Mean time per level.
                   A        B        C        D        E       F      G
               +--------+--------+--------+--------+--------+-----+--------+
         Total |    113 |    113 |      0 |      0 |      4 |   3 |   37.7 |
         Abyss |    113 |    113 |      0 |      0 |      4 |   3 |   37.7 |
               +--------+--------+--------+--------+--------+-----+--------+

Top non-repeatable levels by time:
 Abyss:3: 77 daAuts
 Abyss:2: 24 daAuts
 Abyss:1: 11 daAuts
